Sabres vs Canadiens

Created - October 29, 2023 at 02:58

Goals
1 2 3 T
Sabres 0 0 0 0
Canadiens 4 1 0 5
Shots
1 2 3 T
Sabres 2 8 8 18
Canadiens 19 22 8 49

GoalsPenalties
1st period
1. Canadiens , Artturi Lehkonen 3 (Ryan O'Reilly 3, Ivan Provorov 5) at 3:49
2. Canadiens , Leon Draisaitl 2 (Valeri Nichushkin 6, Filip Forsberg 4) at 5:23
3. Canadiens , Filip Forsberg 4 (Leon Draisaitl 3, Ivan Provorov 6) at 8:08 (PP)
4. Canadiens , Leon Draisaitl 3 (Valeri Nichushkin 7) at 19:46
Brendan Gallagher (MTL) for Holding Stick (Minor) at 1:51
Kaedan Korczak (BUF) for Hooking (Minor) at 1:51
Zach Sanford (BUF) for Holding (Minor) at 7:42
John Hayden (BUF) for Hooking (Minor) at 10:52
John Hayden (BUF) for Roughing (Minor) at 16:19
2nd period
5. Canadiens , Alexander Kerfoot 1 (Artturi Lehkonen 1, Jaccob Slavin 3) at 5:34 (SH)
Philippe Myers (BUF) for Hooking (Minor) at 0:29
Ivan Provorov (MTL) for Interference (Minor) at 4:30
Milan Lucic (BUF) for Holding Stick (Minor) at 14:40
3rd period
No Goal
Brenden Dillon (BUF) for Holding (Minor) at 0:36
Leon Draisaitl (MTL) for Slashing (Minor) at 18:19
Goalie Stats
James Reimer (BUF), 29 saves from 30 shots - (0.967), 40:14 minutes
Matt Murray (BUF), 15 saves from 19 shots - (0.789), L, 1-2-0, 19:46 minutes
Kaapo Kahkonen (MTL), 18 saves from 18 shots - (1.000), W, 3-1-0, 60:00 minutes
3 StarsOfficial
1 - Leon Draisaitl (MTL)
2 - Artturi Lehkonen (MTL)
3 - Filip Forsberg (MTL)
Referees : Kenny Anderson and Stephen Hiff
Linesman : Steve Miller and Luke Galvin
Game Note
Jonathan Drouin is injured at 18:38 of 1st period (Sprained Left Ankle)
James Reimer enters game at 19:46 of 1st period
Finance
Level 1 -- Attendance: 5900 (90.77%) -- Ticket Income $708,000
Level 2 -- Attendance: 4864 (97.28%) -- Ticket Income $413,440
Level 3 -- Attendance: 3094 (88.40%) -- Ticket Income $201,110
Level 4 -- Attendance: 3060 (57.88%) -- Ticket Income $61,200
Luxury Box -- Attendance: 889 (88.90%) -- Ticket Income $195,580
Game was played at the Bell Centre.
Total Attendance: 17807 (83.65%)
Total Ticket Income: $1,579,330
Other Income: $394,832
Total Income: $1,974,162



Team Name Goals Shots Shots Attemp Shots Blocked PIM HIT PP PK FO%
Sabres 01838714200 / 2 (0%)137%
Canadiens 5498086221 / 6 (17%)063%

Sabres
Player Name POS G A P +/- PIM HIT SHT SB MP PP MP PP SHT PK MP PK SHT FO% FOT
Blake ColemanC000-2033016:252:1703:21042% 19
Brenden DillonD000-1211223:261:1305:0100% 0
Brett HowdenC000000106:310:0000:00020% 5
Brian DumoulinD000-3021123:072:2604:3000% 0
Corey PerryRW0000002017:042:1700:0000% 0
Jake NeighboursLW000-1021015:271:2200:0000% 2
Jansen HarkinsC0000012020:190:0006:16046% 37
Jesper FastRW000-2001014:080:0003:21050% 2
John HaydenC0000420114:010:0000:0000% 3
Jonathan DrouinLW000-100002:400:0000:0300% 0
Kaedan KorczakD000-2221117:292:2601:3100% 0
Mason AppletonC000-1001015:251:2200:00050% 2
Mason McTavishC000-1012017:392:1700:00027% 15
Milan LucicLW000-2210114:560:0001:07050% 4
Philippe MyersD0000230018:380:0003:5400% 0
Tobias BjornfotD000-2000116:451:1300:0000% 0
Victor SoderstromD0000000020:320:0005:4600% 0
Zach SanfordLW000-1222013:011:2206:3410% 2
Canadiens
Player Name POS G A P +/- PIM HIT SHT SB MP PP MP PP SHT PK MP PK SHT FO% FOT
Adam PelechD0001000019:040:1801:3100% 0
Alex GoligoskiD0001010123:595:0601:3800% 0
Alexander KerfootC101100209:350:0000:4110% 1
Anthony ManthaRW0000003010:410:2500:000100% 1
Artturi LehkonenLW1122037018:085:5320:5700% 0
Brendan GallagherRW000020018:530:0000:000100% 1
Brendan GaunceC000003008:540:0000:00033% 3
Daniel SprongRW0000021012:290:0000:000100% 1
Filip ForsbergLW1122014019:125:5320:00050% 4
Ivan ProvorovD0222236223:245:1541:0500% 0
Jaccob SlavinD0113003124:164:4832:2300% 0
Lars EllerC0000002010:560:0000:40058% 12
Leon DraisaitlC2132208019:115:5320:00063% 35
Mike ReillyD0001032317:365:1510:4100% 0
Ryan O'ReillyC0111034020:174:2812:18066% 32
Teuvo TeravainenLW0000012016:574:2820:0000% 0
Trevor van RiemsdykD0000011011:400:0000:0000% 0
Valeri NichushkinRW0222014019:074:0302:421100% 1



Play-by-Play

1st period


0:01 of 1st period - Leon Draisaitl wins face-off versus Jansen Harkins in neutral zone.
0:03 of 1st period - Off-side.
0:04 of 1st period - Ryan O'Reilly wins face-off versus Jake Neighbours in neutral zone.
1:16 of 1st period - Shot by Lars Eller.
1:16 of 1st period - Shot Misses the Net.
1:18 of 1st period - Shot by Ivan Provorov.
1:18 of 1st period - Stopped by Matt Murray without a rebound.
1:19 of 1st period - Filip Forsberg wins face-off versus Jansen Harkins in Sabres zone.
1:28 of 1st period - Shot by Filip Forsberg.
1:28 of 1st period - Deflect By Leon Draisaitl.
1:28 of 1st period - Stopped by Matt Murray without a rebound.
1:29 of 1st period - Brendan Gallagher wins face-off versus Zach Sanford in Sabres zone.
1:29 of 1st period - Ivan Provorov is hit by Kaedan Korczak and loses puck.
1:51 of 1st period - Minor Penalty to Brendan Gallagher for Holding Stick.
1:51 of 1st period - Minor Penalty to Kaedan Korczak for Hooking.
1:52 of 1st period - Leon Draisaitl wins face-off versus Mason McTavish in Sabres zone.
1:55 of 1st period - Shot by Leon Draisaitl.
1:55 of 1st period - Stopped by Matt Murray without a rebound.
1:56 of 1st period - Mason McTavish wins face-off versus Ryan O'Reilly in Sabres zone.
1:56 of 1st period - Mason McTavish is hit by Artturi Lehkonen.
2:38 of 1st period - Shot by Artturi Lehkonen.
2:38 of 1st period - Stopped by Matt Murray with a rebound.
2:40 of 1st period - Shot by Artturi Lehkonen.
2:40 of 1st period - Stopped by Matt Murray without a rebound.
2:41 of 1st period - Leon Draisaitl wins face-off versus Brett Howden in Sabres zone.
3:47 of 1st period - Shot by Ryan O'Reilly.
3:47 of 1st period - Shot Misses the Net.
3:49 of 1st period - Shot by Artturi Lehkonen.
3:49 of 1st period - Goal by Artturi Lehkonen - Sabres : 0 - Canadiens : 1.
3:50 of 1st period - Brett Howden wins face-off versus Ryan O'Reilly in neutral zone.
3:56 of 1st period - Icing by Mike Reilly.
3:57 of 1st period - Jansen Harkins wins face-off versus Alexander Kerfoot in Canadiens zone.
4:12 of 1st period - Shot by Brendan Gaunce.
4:12 of 1st period - Shot Blocked by John Hayden.
4:36 of 1st period - Shot by Alexander Kerfoot.
4:36 of 1st period - Stopped by Matt Murray without a rebound.
4:37 of 1st period - Leon Draisaitl wins face-off versus Blake Coleman in Sabres zone.
4:56 of 1st period - Shot by Blake Coleman.
4:56 of 1st period - Shot Blocked by Ivan Provorov.
5:21 of 1st period - Shot by Valeri Nichushkin.
5:21 of 1st period - Shot Blocked by Kaedan Korczak.
5:23 of 1st period - Shot by Valeri Nichushkin.
5:23 of 1st period - Deflect By Leon Draisaitl.
5:23 of 1st period - Goal by Leon Draisaitl - Sabres : 0 - Canadiens : 2.
5:24 of 1st period - Lars Eller wins face-off versus Jake Neighbours in neutral zone.
5:30 of 1st period - Icing by Tobias Bjornfot.
5:31 of 1st period - Mason McTavish wins face-off versus Lars Eller in Sabres zone.
5:56 of 1st period - Shot by Mason McTavish.
5:56 of 1st period - Stopped by Kaapo Kahkonen with a rebound.
6:06 of 1st period - Shot by Adam Pelech.
6:06 of 1st period - Shot Hit the Post.
6:44 of 1st period - Shot by Jansen Harkins.
6:44 of 1st period - Shot Misses the Net.
6:46 of 1st period - Shot by Mason Appleton.
6:46 of 1st period - Shot Misses the Net.
7:42 of 1st period - Minor Penalty to Zach Sanford for Holding.
7:43 of 1st period - Jansen Harkins wins face-off versus Leon Draisaitl in Sabres zone.
7:51 of 1st period - Icing by Filip Forsberg.
7:52 of 1st period - Jansen Harkins wins face-off versus Leon Draisaitl in Canadiens zone.
8:00 of 1st period - Off-side.
8:01 of 1st period - Leon Draisaitl wins face-off versus Jansen Harkins in neutral zone.
8:08 of 1st period - Shot by Leon Draisaitl.
8:08 of 1st period - Deflect By Filip Forsberg.
8:08 of 1st period - Goal by Filip Forsberg - Sabres : 0 - Canadiens : 3.
8:09 of 1st period - Blake Coleman wins face-off versus Leon Draisaitl in neutral zone.
8:28 of 1st period - Shot by Leon Draisaitl.
8:28 of 1st period - Stopped by Matt Murray without a rebound.
8:29 of 1st period - Anthony Mantha wins face-off versus Mason McTavish in Sabres zone.
10:04 of 1st period - Valeri Nichushkin is hit by Philippe Myers and loses puck.
10:07 of 1st period - Shot by Leon Draisaitl.
10:07 of 1st period - Stopped by Matt Murray without a rebound.
10:08 of 1st period - Daniel Sprong wins face-off versus John Hayden in Sabres zone.
10:10 of 1st period - Teuvo Teravainen is hit by Kaedan Korczak.
10:25 of 1st period - Ryan O'Reilly is hit by John Hayden and loses puck.
10:52 of 1st period - Minor Penalty to John Hayden for Hooking.
10:53 of 1st period - Leon Draisaitl wins face-off versus Jansen Harkins in Sabres zone.
11:24 of 1st period - Shot by Leon Draisaitl.
11:24 of 1st period - Deflect By Filip Forsberg.
11:24 of 1st period - Shot Blocked by Brenden Dillon.
11:37 of 1st period - Off-side.
11:38 of 1st period - Jansen Harkins wins face-off versus Ryan O'Reilly in neutral zone.
12:03 of 1st period - Shot by Teuvo Teravainen.
12:03 of 1st period - Stopped by Matt Murray without a rebound.
12:04 of 1st period - Blake Coleman wins face-off versus Leon Draisaitl in Sabres zone.
12:57 of 1st period - Corey Perry is hit by Brendan Gaunce and loses puck.
13:46 of 1st period - Shot by Jonathan Drouin.
13:46 of 1st period - Shot Blocked by Mike Reilly.
14:06 of 1st period - Shot by Jonathan Drouin.
14:06 of 1st period - Shot Misses the Net.
14:14 of 1st period - Shot by Ryan O'Reilly.
14:14 of 1st period - Stopped by Matt Murray without a rebound.
14:15 of 1st period - Leon Draisaitl wins face-off versus Jansen Harkins in Sabres zone.
14:30 of 1st period - Shot by Jansen Harkins.
14:30 of 1st period - Stopped by Kaapo Kahkonen without a rebound.
14:31 of 1st period - Milan Lucic wins face-off versus Lars Eller in Canadiens zone.
14:31 of 1st period - Philippe Myers is hit by Ivan Provorov and loses puck.
14:51 of 1st period - Shot by Anthony Mantha.
14:51 of 1st period - Shot Misses the Net.
15:11 of 1st period - Shot by Jaccob Slavin.
15:11 of 1st period - Shot Misses the Net.
15:13 of 1st period - Shot by Lars Eller.
15:13 of 1st period - Deflect By Anthony Mantha.
15:13 of 1st period - Stopped by Matt Murray without a rebound.
15:14 of 1st period - Jansen Harkins wins face-off versus Leon Draisaitl in Sabres zone.
15:16 of 1st period - Icing by John Hayden.
15:17 of 1st period - Jansen Harkins wins face-off versus Leon Draisaitl in Sabres zone.
15:21 of 1st period - Off-side.
15:22 of 1st period - Leon Draisaitl wins face-off versus Jansen Harkins in neutral zone.
15:25 of 1st period - Shot by Valeri Nichushkin.
15:25 of 1st period - Shot Misses the Net.
16:19 of 1st period - Minor Penalty to John Hayden for Roughing.
16:20 of 1st period - Ryan O'Reilly wins face-off versus Milan Lucic in Sabres zone.
16:49 of 1st period - Shot by Ivan Provorov.
16:49 of 1st period - Stopped by Matt Murray without a rebound.
16:50 of 1st period - Leon Draisaitl wins face-off versus Jansen Harkins in Sabres zone.
17:15 of 1st period - Shot by Leon Draisaitl.
17:15 of 1st period - Stopped by Matt Murray with a rebound.
17:17 of 1st period - Shot by Jaccob Slavin.
17:17 of 1st period - Shot Misses the Net.
17:19 of 1st period - Shot by Jaccob Slavin.
17:19 of 1st period - Stopped by Matt Murray without a rebound.
17:20 of 1st period - Jesper Fast wins face-off versus Ryan O'Reilly in Sabres zone.
17:20 of 1st period - Jesper Fast is hit by Valeri Nichushkin.
17:27 of 1st period - Icing by Ivan Provorov.
17:28 of 1st period - Ryan O'Reilly wins face-off versus Blake Coleman in Canadiens zone.
17:35 of 1st period - Shot by Ivan Provorov.
17:35 of 1st period - Stopped by Matt Murray without a rebound.
17:36 of 1st period - Leon Draisaitl wins face-off versus Jansen Harkins in Sabres zone.
18:12 of 1st period - Shot by Filip Forsberg.
18:12 of 1st period - Deflect By Leon Draisaitl.
18:12 of 1st period - Shot Misses the Net.
18:19 of 1st period - Icing by Artturi Lehkonen.
18:20 of 1st period - Ryan O'Reilly wins face-off versus Blake Coleman in Canadiens zone.
18:20 of 1st period - Ryan O'Reilly is hit by Blake Coleman.
18:31 of 1st period - Daniel Sprong is hit by Brenden Dillon and loses puck.
18:37 of 1st period - Jonathan Drouin is hit by Ryan O'Reilly and loses puck.
18:38 of 1st period - Jonathan Drouin from Sabres is injured at 18:38 of 1st period (Sprained Left Ankle).
18:39 of 1st period - Mason McTavish wins face-off versus Brendan Gaunce in neutral zone.
19:46 of 1st period - Shot by Leon Draisaitl.
19:46 of 1st period - Goal by Leon Draisaitl - Sabres : 0 - Canadiens : 4.
19:46 of 1st period - James Reimer enters game.
19:47 of 1st period - Ryan O'Reilly wins face-off versus Blake Coleman in neutral zone.
Goals for this period are 0 for Sabres vs 4 for Canadiens.
Shots for this period are 2 for Sabres vs 19 for Canadiens.

2nd period


0:01 of 2nd period - Leon Draisaitl wins face-off versus John Hayden in neutral zone.
0:03 of 2nd period - Off-side.
0:04 of 2nd period - Jansen Harkins wins face-off versus Ryan O'Reilly in neutral zone.
0:28 of 2nd period - Shot by Daniel Sprong.
0:28 of 2nd period - Stopped by James Reimer without a rebound.
0:29 of 2nd period - Leon Draisaitl wins face-off versus Blake Coleman in Sabres zone.
0:29 of 2nd period - Minor Penalty to Philippe Myers for Hooking.
0:30 of 2nd period - Jansen Harkins wins face-off versus Leon Draisaitl in Sabres zone.
0:44 of 2nd period - Icing by Leon Draisaitl.
0:45 of 2nd period - Leon Draisaitl wins face-off versus Jansen Harkins in Canadiens zone.
0:45 of 2nd period - Leon Draisaitl is hit by Zach Sanford.
1:10 of 2nd period - Icing by Ivan Provorov.
1:11 of 2nd period - Filip Forsberg wins face-off versus Blake Coleman in Canadiens zone.
1:11 of 2nd period - Filip Forsberg is hit by Blake Coleman.
1:17 of 2nd period - Shot by Ivan Provorov.
1:17 of 2nd period - Shot Misses the Net.
1:19 of 2nd period - Shot by Artturi Lehkonen.
1:19 of 2nd period - Stopped by James Reimer without a rebound.
1:20 of 2nd period - Ryan O'Reilly wins face-off versus Jansen Harkins in Sabres zone.
1:32 of 2nd period - Icing by Valeri Nichushkin.
1:33 of 2nd period - Valeri Nichushkin wins face-off versus Jansen Harkins in Canadiens zone.
2:03 of 2nd period - Shot by Jaccob Slavin.
2:03 of 2nd period - Shot Misses the Net.
2:11 of 2nd period - Shot by Ryan O'Reilly.
2:11 of 2nd period - Stopped by James Reimer without a rebound.
2:12 of 2nd period - Leon Draisaitl wins face-off versus Jansen Harkins in Sabres zone.
2:13 of 2nd period - Shot by Filip Forsberg.
2:13 of 2nd period - Stopped by James Reimer without a rebound.
2:14 of 2nd period - Leon Draisaitl wins face-off versus Jansen Harkins in Sabres zone.
2:15 of 2nd period - Shot by Ivan Provorov.
2:15 of 2nd period - Deflect By Leon Draisaitl.
2:15 of 2nd period - Shot Misses the Net.
2:17 of 2nd period - Shot by Ivan Provorov.
2:17 of 2nd period - Stopped by James Reimer without a rebound.
2:18 of 2nd period - Jansen Harkins wins face-off versus Leon Draisaitl in Sabres zone.
2:39 of 2nd period - Blake Coleman is hit by Alex Goligoski and loses puck.
3:08 of 2nd period - Shot by Jesper Fast.
3:08 of 2nd period - Stopped by Kaapo Kahkonen without a rebound.
3:09 of 2nd period - Leon Draisaitl wins face-off versus Jansen Harkins in Canadiens zone.
3:17 of 2nd period - Off-side.
3:18 of 2nd period - Jansen Harkins wins face-off versus Leon Draisaitl in neutral zone.
3:34 of 2nd period - Shot by Leon Draisaitl.
3:34 of 2nd period - Shot Misses the Net.
3:36 of 2nd period - Shot by Ivan Provorov.
3:36 of 2nd period - Stopped by James Reimer without a rebound.
3:37 of 2nd period - Blake Coleman wins face-off versus Lars Eller in Sabres zone.
3:54 of 2nd period - Blake Coleman is hit by Artturi Lehkonen and loses puck.
4:30 of 2nd period - Minor Penalty to Ivan Provorov for Interference.
4:31 of 2nd period - Ryan O'Reilly wins face-off versus Mason Appleton in Canadiens zone.
5:12 of 2nd period - Jaccob Slavin is hit by Zach Sanford and loses puck.
5:34 of 2nd period - Shot by Alexander Kerfoot.
5:34 of 2nd period - Goal by Alexander Kerfoot - Sabres : 0 - Canadiens : 5.
5:35 of 2nd period - Ryan O'Reilly wins face-off versus Mason McTavish in neutral zone.
5:35 of 2nd period - Ryan O'Reilly is hit by Mason McTavish.
5:51 of 2nd period - Shot by Valeri Nichushkin.
5:51 of 2nd period - Stopped by James Reimer without a rebound.
5:52 of 2nd period - Lars Eller wins face-off versus Mason McTavish in Sabres zone.
6:49 of 2nd period - Shot by Mike Reilly.
6:49 of 2nd period - Stopped by James Reimer with a rebound.
7:34 of 2nd period - Shot by Artturi Lehkonen.
7:34 of 2nd period - Stopped by James Reimer with a rebound.
7:44 of 2nd period - Shot by Anthony Mantha.
7:44 of 2nd period - Stopped by James Reimer without a rebound.
7:45 of 2nd period - Mason Appleton wins face-off versus Filip Forsberg in Sabres zone.
8:00 of 2nd period - Shot by Valeri Nichushkin.
8:00 of 2nd period - Shot Misses the Net.
8:02 of 2nd period - Shot by Valeri Nichushkin.
8:02 of 2nd period - Stopped by James Reimer with a rebound.
8:04 of 2nd period - Shot by Leon Draisaitl.
8:04 of 2nd period - Shot Misses the Net.
8:06 of 2nd period - Shot by Valeri Nichushkin.
8:06 of 2nd period - Deflect By Filip Forsberg.
8:06 of 2nd period - Shot Misses the Net.
8:08 of 2nd period - Shot by Valeri Nichushkin.
8:08 of 2nd period - Stopped by James Reimer without a rebound.
8:09 of 2nd period - Ryan O'Reilly wins face-off versus Mason McTavish in Sabres zone.
9:07 of 2nd period - Shot by Mason Appleton.
9:07 of 2nd period - Shot Misses the Net.
9:09 of 2nd period - Shot by Jansen Harkins.
9:09 of 2nd period - Shot Misses the Net.
9:11 of 2nd period - Shot by Kaedan Korczak.
9:11 of 2nd period - Stopped by Kaapo Kahkonen without a rebound.
9:12 of 2nd period - Leon Draisaitl wins face-off versus Milan Lucic in Canadiens zone.
9:12 of 2nd period - Leon Draisaitl is hit by Blake Coleman.
9:15 of 2nd period - Icing by Valeri Nichushkin.
9:16 of 2nd period - Jansen Harkins wins face-off versus Leon Draisaitl in Canadiens zone.
9:19 of 2nd period - Shot by John Hayden.
9:19 of 2nd period - Shot Misses the Net.
9:34 of 2nd period - Filip Forsberg is hit by Brian Dumoulin and loses puck.
10:21 of 2nd period - Shot by Artturi Lehkonen.
10:21 of 2nd period - Shot Blocked by Tobias Bjornfot.
10:23 of 2nd period - Shot by Lars Eller.
10:23 of 2nd period - Stopped by James Reimer without a rebound.
10:24 of 2nd period - Blake Coleman wins face-off versus Brendan Gaunce in Sabres zone.
10:31 of 2nd period - Shot by Blake Coleman.
10:31 of 2nd period - Deflect By Milan Lucic.
10:31 of 2nd period - Shot Blocked by Jaccob Slavin.
10:41 of 2nd period - Shot by Blake Coleman.
10:41 of 2nd period - Stopped by Kaapo Kahkonen with a rebound.
10:45 of 2nd period - Shot by Jesper Fast.
10:45 of 2nd period - Shot Misses the Net.
10:47 of 2nd period - Shot by Milan Lucic.
10:47 of 2nd period - Shot Misses the Net.
10:49 of 2nd period - Shot by Victor Soderstrom.
10:49 of 2nd period - Shot Misses the Net.
10:56 of 2nd period - Ivan Provorov is hit by Philippe Myers and loses puck.
11:52 of 2nd period - Alexander Kerfoot is hit by Jake Neighbours and loses puck.
12:15 of 2nd period - Shot by Mason Appleton.
12:15 of 2nd period - Shot Blocked by Brendan Gallagher.
12:17 of 2nd period - Shot by Mason Appleton.
12:17 of 2nd period - Stopped by Kaapo Kahkonen without a rebound.
12:18 of 2nd period - Milan Lucic wins face-off versus Ryan O'Reilly in Canadiens zone.
12:19 of 2nd period - Shot by Brett Howden.
12:19 of 2nd period - Stopped by Kaapo Kahkonen without a rebound.
12:20 of 2nd period - Ryan O'Reilly wins face-off versus John Hayden in Canadiens zone.
14:39 of 2nd period - Shot by Corey Perry.
14:39 of 2nd period - Stopped by Kaapo Kahkonen without a rebound.
14:40 of 2nd period - Lars Eller wins face-off versus Brett Howden in Canadiens zone.
14:40 of 2nd period - Minor Penalty to Milan Lucic for Holding Stick.
14:41 of 2nd period - Ryan O'Reilly wins face-off versus Jansen Harkins in Sabres zone.
15:05 of 2nd period - Shot by Jaccob Slavin.
15:05 of 2nd period - Stopped by James Reimer without a rebound.
15:06 of 2nd period - Jansen Harkins wins face-off versus Ryan O'Reilly in Sabres zone.
16:05 of 2nd period - Shot by Mike Reilly.
16:05 of 2nd period - Stopped by James Reimer with a rebound.
16:07 of 2nd period - Shot by Ivan Provorov.
16:07 of 2nd period - Stopped by James Reimer with a rebound.
16:17 of 2nd period - Shot by Artturi Lehkonen.
16:17 of 2nd period - Stopped by James Reimer with a rebound.
16:19 of 2nd period - Shot by Leon Draisaitl.
16:19 of 2nd period - Stopped by James Reimer without a rebound.
16:20 of 2nd period - Jansen Harkins wins face-off versus Leon Draisaitl in Sabres zone.
16:47 of 2nd period - Jake Neighbours is hit by Brendan Gaunce.
17:14 of 2nd period - Shot by Jake Neighbours.
17:14 of 2nd period - Stopped by Kaapo Kahkonen without a rebound.
17:15 of 2nd period - Ryan O'Reilly wins face-off versus Blake Coleman in Canadiens zone.
17:39 of 2nd period - Shot by Blake Coleman.
17:39 of 2nd period - Stopped by Kaapo Kahkonen without a rebound.
17:40 of 2nd period - Lars Eller wins face-off versus Jansen Harkins in Canadiens zone.
17:44 of 2nd period - Lars Eller is hit by John Hayden and loses puck.
17:57 of 2nd period - Shot by Victor Soderstrom.
17:57 of 2nd period - Shot Blocked by Mike Reilly.
18:19 of 2nd period - Lars Eller is hit by Jansen Harkins and loses puck.
18:32 of 2nd period - Icing by Mason Appleton.
18:33 of 2nd period - Jansen Harkins wins face-off versus Ryan O'Reilly in Sabres zone.
18:33 of 2nd period - Jansen Harkins is hit by Daniel Sprong.
18:54 of 2nd period - Shot by Ryan O'Reilly.
18:54 of 2nd period - Shot Misses the Net.
18:56 of 2nd period - Shot by Ryan O'Reilly.
18:56 of 2nd period - Stopped by James Reimer without a rebound.
18:57 of 2nd period - Leon Draisaitl wins face-off versus Mason McTavish in Sabres zone.
19:06 of 2nd period - Shot by Filip Forsberg.
19:06 of 2nd period - Shot Misses the Net.
19:08 of 2nd period - Shot by Ivan Provorov.
19:08 of 2nd period - Shot Blocked by Brian Dumoulin.
19:10 of 2nd period - Shot by Leon Draisaitl.
19:10 of 2nd period - Deflect By Valeri Nichushkin.
19:10 of 2nd period - Stopped by James Reimer without a rebound.
19:11 of 2nd period - Ryan O'Reilly wins face-off versus Blake Coleman in Sabres zone.
19:21 of 2nd period - Icing by Blake Coleman.
19:22 of 2nd period - Lars Eller wins face-off versus Blake Coleman in Sabres zone.
19:25 of 2nd period - Shot by Artturi Lehkonen.
19:25 of 2nd period - Stopped by James Reimer without a rebound.
19:26 of 2nd period - Ryan O'Reilly wins face-off versus Mason McTavish in Sabres zone.
19:26 of 2nd period - Ryan O'Reilly is hit by Brian Dumoulin.
19:46 of 2nd period - Off-side.
19:47 of 2nd period - Lars Eller wins face-off versus Brett Howden in neutral zone.
Goals for this period are 0 for Sabres vs 1 for Canadiens.
Shots for this period are 8 for Sabres vs 22 for Canadiens.

3rd period


0:01 of 3rd period - Leon Draisaitl wins face-off versus Mason McTavish in neutral zone.
0:22 of 3rd period - Shot by Mason McTavish.
0:22 of 3rd period - Shot Misses the Net.
0:27 of 3rd period - Off-side.
0:28 of 3rd period - Ryan O'Reilly wins face-off versus Blake Coleman in neutral zone.
0:36 of 3rd period - Minor Penalty to Brenden Dillon for Holding.
0:37 of 3rd period - Ryan O'Reilly wins face-off versus Jansen Harkins in Sabres zone.
0:52 of 3rd period - Shot by Teuvo Teravainen.
0:52 of 3rd period - Stopped by James Reimer with a rebound.
1:51 of 3rd period - Shot by Artturi Lehkonen.
1:51 of 3rd period - Shot Misses the Net.
1:53 of 3rd period - Shot by Jaccob Slavin.
1:53 of 3rd period - Stopped by James Reimer without a rebound.
1:54 of 3rd period - Jansen Harkins wins face-off versus Leon Draisaitl in Sabres zone.
1:54 of 3rd period - Jansen Harkins is hit by Artturi Lehkonen.
2:05 of 3rd period - Icing by Alex Goligoski.
2:06 of 3rd period - Jansen Harkins wins face-off versus Filip Forsberg in Canadiens zone.
2:09 of 3rd period - Shot by Zach Sanford.
2:09 of 3rd period - Stopped by Kaapo Kahkonen with a rebound.
2:27 of 3rd period - Off-side.
2:28 of 3rd period - Blake Coleman wins face-off versus Ryan O'Reilly in neutral zone.
3:12 of 3rd period - Mason McTavish is hit by Mike Reilly and loses puck.
3:18 of 3rd period - Mason McTavish is hit by Mike Reilly and loses puck.
4:24 of 3rd period - Icing by Brian Dumoulin.
4:25 of 3rd period - Blake Coleman wins face-off versus Lars Eller in Sabres zone.
5:08 of 3rd period - Shot by Lars Eller.
5:08 of 3rd period - Shot Blocked by Milan Lucic.
5:10 of 3rd period - Shot by Lars Eller.
5:10 of 3rd period - Stopped by James Reimer without a rebound.
5:11 of 3rd period - Leon Draisaitl wins face-off versus Jansen Harkins in Sabres zone.
5:25 of 3rd period - Shot by Jansen Harkins.
5:25 of 3rd period - Shot Misses the Net.
5:46 of 3rd period - Tobias Bjornfot is hit by Trevor van Riemsdyk and loses puck.
5:55 of 3rd period - Shot by Jansen Harkins.
5:55 of 3rd period - Shot Blocked by Mike Reilly.
6:07 of 3rd period - Shot by Corey Perry.
6:07 of 3rd period - Stopped by Kaapo Kahkonen without a rebound.
6:08 of 3rd period - Ryan O'Reilly wins face-off versus Mason McTavish in Canadiens zone.
6:26 of 3rd period - Shot by Daniel Sprong.
6:26 of 3rd period - Shot Misses the Net.
7:41 of 3rd period - Shot by Anthony Mantha.
7:41 of 3rd period - Shot Misses the Net.
8:04 of 3rd period - Shot by Leon Draisaitl.
8:04 of 3rd period - Shot Misses the Net.
8:17 of 3rd period - Shot by Leon Draisaitl.
8:17 of 3rd period - Shot Misses the Net.
8:23 of 3rd period - Shot by Leon Draisaitl.
8:23 of 3rd period - Shot Misses the Net.
8:42 of 3rd period - Icing by Brenden Dillon.
8:43 of 3rd period - Ryan O'Reilly wins face-off versus Jansen Harkins in Sabres zone.
8:49 of 3rd period - Jansen Harkins is hit by Ryan O'Reilly and loses puck.
9:21 of 3rd period - Tobias Bjornfot is hit by Ryan O'Reilly and loses puck.
9:58 of 3rd period - Shot by Artturi Lehkonen.
9:58 of 3rd period - Deflect By Anthony Mantha.
9:58 of 3rd period - Stopped by James Reimer without a rebound.
9:59 of 3rd period - Leon Draisaitl wins face-off versus Brett Howden in Sabres zone.
10:28 of 3rd period - Shot by Zach Sanford.
10:28 of 3rd period - Stopped by Kaapo Kahkonen without a rebound.
10:29 of 3rd period - Blake Coleman wins face-off versus Lars Eller in Canadiens zone.
10:50 of 3rd period - Brett Howden is hit by Ivan Provorov and loses puck.
11:07 of 3rd period - Shot by Blake Coleman.
11:07 of 3rd period - Shot Misses the Net.
11:30 of 3rd period - Shot by Mason McTavish.
11:30 of 3rd period - Shot Blocked by Ivan Provorov.
11:32 of 3rd period - Shot by Brian Dumoulin.
11:32 of 3rd period - Stopped by Kaapo Kahkonen with a rebound.
11:34 of 3rd period - Shot by Kaedan Korczak.
11:34 of 3rd period - Deflect By Mason McTavish.
11:34 of 3rd period - Stopped by Kaapo Kahkonen with a rebound.
12:01 of 3rd period - Icing by Jaccob Slavin.
12:02 of 3rd period - Lars Eller wins face-off versus Blake Coleman in Canadiens zone.
12:02 of 3rd period - Lars Eller is hit by Milan Lucic.
12:15 of 3rd period - Icing by Philippe Myers.
12:16 of 3rd period - Blake Coleman wins face-off versus Leon Draisaitl in Sabres zone.
12:16 of 3rd period - Blake Coleman is hit by Filip Forsberg.
12:34 of 3rd period - Shot by Blake Coleman.
12:34 of 3rd period - Stopped by Kaapo Kahkonen with a rebound.
12:52 of 3rd period - Shot by Filip Forsberg.
12:52 of 3rd period - Stopped by James Reimer with a rebound.
13:09 of 3rd period - Icing by Philippe Myers.
13:10 of 3rd period - Ryan O'Reilly wins face-off versus Jesper Fast in Sabres zone.
13:10 of 3rd period - Ryan O'Reilly is hit by Philippe Myers.
13:14 of 3rd period - Shot by Trevor van Riemsdyk.
13:14 of 3rd period - Stopped by James Reimer without a rebound.
13:15 of 3rd period - Jansen Harkins wins face-off versus Ryan O'Reilly in Sabres zone.
13:15 of 3rd period - Jansen Harkins is hit by Teuvo Teravainen.
13:53 of 3rd period - Shot by Brenden Dillon.
13:53 of 3rd period - Stopped by Kaapo Kahkonen without a rebound.
13:54 of 3rd period - Leon Draisaitl wins face-off versus Mason McTavish in Canadiens zone.
14:03 of 3rd period - Adam Pelech is hit by Jake Neighbours and loses puck.
15:24 of 3rd period - Shot by Artturi Lehkonen.
15:24 of 3rd period - Shot Blocked by Brenden Dillon.
15:50 of 3rd period - Shot by Daniel Sprong.
15:50 of 3rd period - Shot Misses the Net.
15:56 of 3rd period - Shot by Ryan O'Reilly.
15:56 of 3rd period - Stopped by James Reimer without a rebound.
15:57 of 3rd period - Brendan Gaunce wins face-off versus Jansen Harkins in Sabres zone.
16:15 of 3rd period - Victor Soderstrom is hit by Mike Reilly and loses puck.
16:37 of 3rd period - Shot by Jansen Harkins.
16:37 of 3rd period - Stopped by Kaapo Kahkonen with a rebound.
16:45 of 3rd period - Jansen Harkins is hit by Brendan Gaunce and loses puck.
17:43 of 3rd period - Icing by Alex Goligoski.
17:44 of 3rd period - Ryan O'Reilly wins face-off versus Zach Sanford in Canadiens zone.
17:53 of 3rd period - Tobias Bjornfot is hit by Daniel Sprong and loses puck.
18:06 of 3rd period - Shot by Filip Forsberg.
18:06 of 3rd period - Stopped by James Reimer with a rebound.
18:19 of 3rd period - Minor Penalty to Leon Draisaitl for Slashing.
18:20 of 3rd period - Ryan O'Reilly wins face-off versus Mason McTavish in Canadiens zone.
18:40 of 3rd period - Mason McTavish is hit by Ivan Provorov and loses puck.
18:54 of 3rd period - Icing by Blake Coleman.
18:55 of 3rd period - Mason McTavish wins face-off versus Ryan O'Reilly in Sabres zone.
19:53 of 3rd period - Shot by Brenden Dillon.
19:53 of 3rd period - Shot Blocked by Alex Goligoski.
Goals for this period are 0 for Sabres vs 0 for Canadiens.
Shots for this period are 8 for Sabres vs 8 for Canadiens.